 Dungeon Crawl Stone Soup version 0.31-a0-187-gba352fbbf7 (webtiles) character file.

Game seed: 12079206020167204574

532 qw the Skirmisher (level 7, -1/40 HPs)
             Began as a Deep Elf Hunter on June 22, 2023.
             Was an Initiate of Okawaru.
             Slain by Natasha (4 damage)
             ... on level 4 of the Dungeon.
             The game lasted 00:01:15 (2450 turns).

qw the Skirmisher (Deep Elf Hunter)                 Turns: 2450, Time: 00:01:16

Health: -1/40      AC:  9    Str: 10    XL:     7   Next: 3%
Magic:  9/9        EV: 12    Int: 14    God:    Okawaru [......]
Gold:   75         SH:  0    Dex: 18    Spells: 6/6 levels left

rFire   . . .        Y - +0 shortbow
rCold   + . .        (shield currently unavailable)
rNeg    . . .        g - +3 ring mail
rPois   .            (no helmet)
rElec   .            (no cloak)
rCorr   .            (no gloves)
SInv    +            h - +0 pair of boots
Will    .....        d - amulet of faith
Stlth   +            f - ring of protection from cold
HPRegen 0.26/turn    c - ring of see invisible
MPRegen 0.11/turn

%: faith
@: slowed, very slow
A: no striking features
a: Renounce Religion


You were on level 4 of the Dungeon.
You worshipped Okawaru.
Okawaru was noncommittal.
You visited 1 branch of the dungeon, and saw 4 of its levels.

You collected 75 gold pieces.


   Skills:
 - Level 2.1 Fighting
 - Level 10.0 Ranged Weapons
 + Level 0.9 Armour
 - Level 4.2 Dodging
 - Level 1.2 Stealth


You had 6 spell levels left.
You didn't know any spells.
Your spell library was empty.

Inventory:

Hand Weapons
 Y - a +0 shortbow (weapon)
Armour
 g - a +3 ring mail (worn)
 h - a +0 pair of boots (worn)
Jewellery
 c - a ring of see invisible (right hand)
 d - an amulet of faith (around neck)
 f - a ring of protection from cold (left hand)
Scrolls
 a - 2 scrolls of identify
Potions
 b - a potion of resistance
 e - 2 potions of curing
 i - 2 potions of might

Dungeon Overview and Level Annotations

Branches:
Dungeon (4/15)
 Temple: D:4-7

Altars:
Okawaru
Ru

Shops:
D:3 [

Annotations:
D:4 Natasha


Message History

The cerulean imp disappears in a puff of smoke!
Natasha barely misses you.
The cerulean imp hits you but does no damage.
Natasha stares at you and mumbles some strange words.
The magic dart hits you.
You shoot an arrow.
The arrow completely misses the cerulean imp.
The cerulean imp barely misses you. Natasha misses you.
The cerulean imp hits you with a +0 spear.
You shoot an arrow. The arrow hits the cerulean imp.
The cerulean imp is moderately wounded.
Natasha barely misses you.
The cerulean imp hits you with a +0 spear.
Natasha closely misses you.
You shoot an arrow.
The arrow hits the cerulean imp but does no damage.
The cerulean imp is moderately wounded.
The cerulean imp closely misses you. Natasha casts a spell at you.
You easily resist.
The cerulean imp misses you.
You shoot an arrow. The arrow misses the cerulean imp.
Natasha claws you but does no damage.
The cerulean imp hits you but does no damage.
Natasha closely misses you. The cerulean imp misses you.
You shoot an arrow.
The arrow hits the cerulean imp but does no damage.
The cerulean imp is moderately wounded.
Natasha howls an incantation.
Natasha's front paws start to glow.
Natasha claws you.
The cerulean imp hits you with a +0 spear.
You shoot an arrow.
The arrow barely misses the cerulean imp.
Natasha barely misses you. The cerulean imp closely misses you.
Natasha claws you but does no damage. The cerulean imp closely misses you.
You shoot an arrow. The arrow hits the cerulean imp.
The cerulean imp is severely wounded.
The cerulean imp disappears in a puff of smoke!
Natasha claws you.
You die...

#### ### ##..### ##_###.....##
#### ##~.~.##.....## ### #..###
#.~.~###......####.# #.....
##~.~.#....ยค.###...###.....
#.~.~##...@h####....###....
##~.~.#......##............
###.~.~##....)...........#...
#.###!###..)..)##........#...
####...#(#.......###........#...
#......#((........#......#....##
#...........#...###..........##.
##.........##....#..........###.
#......##..)..............###..


You could see Natasha.

Vanquished Creatures
  Menkaure (D:4)
  An ogre (D:4)
  A phantom (D:4)
  An orc priest (D:3)
  An iguana (D:4)
  An orc wizard (D:4)
  4 adders
  3 gnolls (D:4)
  4 dart slugs (D:1)
  A worm (D:2)
  15 orcs
  8 ball pythons
  8 bats
  5 endoplasms
  3 giant cockroaches
  7 hobgoblins
  8 jackals
  A quokka (D:3)
  3 frilled lizards
  8 goblins
  5 kobolds
  3 rats
92 creatures vanquished.

Notes
Turn   | Place    | Note
-------+----------+-------------------------------------------
     0 | D:1      | qw the Deep Elf Hunter began the quest for the Orb.
     0 | D:1      | Reached XP level 1. HP: 12/12 MP: 3/3
     0 | D:1      | 0 ||| qw: Version: 0.3-a-9-g12657ce
     0 | D:1      | 0 ||| qw: Game counter: 2599
     0 | D:1      | 0 ||| qw: Always use a shield: true
     0 | D:1      | 0 ||| qw: God list: Okawaru
     0 | D:1      | 0 ||| qw: Allow faded altars: false
     0 | D:1      | 0 ||| qw: Do Orc after D:15 true
     0 | D:1      | 0 ||| qw: Do second Lair branch before Depths: true
     0 | D:1      | 0 ||| qw: Lair rune preference: random
     0 | D:1      | 0 ||| qw: Plans: Normal
     0 | D:1      | 0 ||| PLANNING D:1-11
   174 | D:1      | Reached skill level 6 in Ranged Weapons
   174 | D:1      | Reached XP level 2. HP: 16/16 MP: 4/4
   438 | D:1      | Reached XP level 3. HP: 20/20 MP: 5/5
   694 | D:1      | 694 ||| UPGRADING to +3 ring mail.
   704 | D:1      | 704 ||| DROPPING +0 leather armour.
   705 | D:1      | 705 ||| UPGRADING to +0 pair of boots.
   710 | D:1      | 710 ||| UPGRADING to ring of protection from cold.
   711 | D:1      | 711 ||| READING 4 scrolls labelled CONACO DYONI.
   712 | D:1      | 712 ||| READING 3 scrolls of identify.
   712 | D:1      | 712 ||| IDENTIFYING white potion
   713 | D:1      | 713 ||| DROPPING scroll of butterflies.
   781 | D:2      | Reached skill level 7 in Ranged Weapons
  1149 | D:2      | 1149 ||| READING scroll labelled MAOGEM VICIG.
  1152 | D:2      | 1152 ||| READING scroll labelled OHEMAY JIRGH.
  1153 | D:2      | 1153 ||| READING 3 scrolls of identify.
  1153 | D:2      | 1153 ||| IDENTIFYING bubbling blue potion
  1154 | D:2      | 1154 ||| READING 2 scrolls of identify.
  1154 | D:2      | 1154 ||| IDENTIFYING bubbling puce potion
  1156 | D:2      | 1156 ||| Stepping ~*~*~tactically~*~*~ (cloud).
  1157 | D:2      | 1157 ||| DRINKING 3 potions of curing.
  1157 | D:2      | 1157 ||| (to cure poison)
  1214 | D:3      | Reached XP level 4. HP: 25/25 MP: 6/6
  1288 | D:3      | Reached skill level 8 in Ranged Weapons
  1503 | D:3      | Found a sacrificial altar of Ru.
  1609 | D:3      | Reached XP level 5. HP: 29/29 MP: 7/7
  1659 | D:3      | Found Xadwocu's Armour Emporium.
  1668 | D:3      | 1668 ||| SHOPLISTING +0 pair of gloves (58 gold, have 55).
  1668 | D:3      | 1668 ||| SHOPLISTING +0 pair of gloves of hurling (149
                  | gold, have 55).
  1668 | D:3      | 1668 ||| SHOPLISTING +2 leather armour of fire resistance
                  | (247 gold, have 55).
  1668 | D:3      | 1668 ||| SHOPLISTING +3 ring mail of poison resistance (299
                  | gold, have 55).
  1873 | D:3      | 1873 ||| UPGRADING to amulet of faith.
  1878 | D:3      | 1878 ||| READING 2 scrolls labelled HUGIUG BAREARI.
  1879 | D:3      | 1879 ||| READING scroll labelled GOJIUFEXZIA.
  1880 | D:3      | 1880 ||| DRINKING 2 black potions.
  1916 | D:3      | 1916 ||| DROPPING scroll of fog.
  1917 | D:3      | 1917 ||| DROPPING potion of lignification.
  1974 | D:4      | Noticed a phantom
  1988 | D:4      | Killed a phantom
  1989 | D:4      | Reached skill level 9 in Ranged Weapons
  2001 | D:4      | 2001 ||| FLEEEEING.
  2002 | D:4      | 2002 ||| FLEEEEING.
  2003 | D:4      | 2003 ||| FLEEEEING.
  2004 | D:4      | 2004 ||| FLEEEEING.
  2005 | D:4      | 2005 ||| FLEEEEING.
  2006 | D:4      | 2006 ||| FLEEEEING.
  2007 | D:4      | 2007 ||| FLEEEEING.
  2008 | D:4      | 2008 ||| FLEEEEING.
  2009 | D:4      | 2009 ||| FLEEEEING.
  2010 | D:4      | 2010 ||| STAIRDANCE
  2026 | D:4      | 2026 ||| STAIRDANCE
  2167 | D:4      | Reached XP level 6. HP: 23/35 MP: 8/8
  2240 | D:4      | Reached skill level 10 in Ranged Weapons
  2244 | D:4      | Noticed Menkaure
  2253 | D:4      | Killed Menkaure
  2345 | D:4      | 2345 ||| Stepping ~*~*~tactically~*~*~ (outnumbered).
  2346 | D:4      | 2346 ||| Stepping ~*~*~tactically~*~*~ (outnumbered).
  2348 | D:4      | 2348 ||| Stepping ~*~*~tactically~*~*~ (outnumbered).
  2378 | D:4      | Reached XP level 7. HP: 40/40 MP: 9/9
  2397 | D:4      | Found an iron altar of Okawaru.
  2398 | D:4      | 2398 ||| PLANNING OKAWARU WORSHIP
  2398 | D:4      | 2398 ||| UPGRADING to ring of see invisible.
  2399 | D:4      | 2399 ||| READING 3 scrolls of identify.
  2399 | D:4      | 2399 ||| IDENTIFYING silvery potion
  2400 | D:4      | 2400 ||| DROPPING potion of berserk rage.
  2408 | D:4      | Became a worshipper of Warmaster Okawaru
  2409 | D:4      | 2409 ||| PLANNING D:1-11
  2427 | D:4      | Noticed Natasha
  2428 | D:4      | 2428 ||| Stepping ~*~*~tactically~*~*~ (outnumbered).
  2440 | D:4      | HP: 10/40 [cerulean imp/+0 spear[Natasha] (3)]
  2445 | D:4      | HP: 5/40 [cerulean imp/+0 spear[Natasha] (1)]
  2450 | D:4      | Slain by Natasha

Levels and vault maps discovered:
D:1:      minmay_arrival_four_loops, layout_loops_ring, bh_walls_and_bars
D:2:      layout_basic
D:3:      layout_loops_ring, nicolae_ru_the_path_less_chosen, serial_shops,
          shop, grunt_ministairs_15, kennysheep_generic_room_15
D:4:      layout_cave_pools, okawaru_altar_gauntlet_db, old_standard_altar,
          uniq_menkaure, uniq_natasha

Skill      XL: |  1  2  3  4  5  6 |
---------------+-------------------+-----
Ranged Weapons | 6 7 8 9 10 | 10.0
Fighting       | 2 |  2.1
Dodging        | 4 |  4.2
Armour         | |  0.9
Stealth        | |  1.2

Action                     |  1- 3 |  4- 6 |  7- 9 || total
---------------------------+-------+-------+-------++-------
   Fire: Shortbow          |   117 |   163 |    30 ||   310
    Use: Scroll            |     6 |     2 |     1 ||     9
         Potion            |     1 |     1 |       ||     2
 Armour: Leather armour    |     7 |       |       ||     7
         Ring mail         |     6 |    52 |    18 ||    76
  Dodge: Dodged            |    26 |    74 |    33 ||   133

Table legend:
 A = Non-vault XP
 B = Vault XP
 C = Vault XP percentage of total XP
 D = Non-vault monster count
 E = Vault monster count
 F = Vault count percentage of total count
                 A         B        C        D         E       F
            +---------+---------+-------+---------+---------+-------
      Total |     535 |     225 |  29.6 |      83 |       9 |   9.8
            +---------+---------+-------+---------+---------+-------
        D:1 |      58 |       0 |   0.0 |      30 |       0 |   0.0
        D:2 |      23 |       0 |   0.0 |      13 |       0 |   0.0
        D:3 |     127 |       4 |   3.1 |      25 |       2 |   7.4
        D:4 |     327 |     221 |  40.3 |      15 |       7 |  31.8
            +---------+---------+-------+---------+---------+-------
